 Dungeon Crawl Stone Soup version 0.24-a0-434-gd57e52fea8 (webtiles) character file.

Game seed: 8598186682981064236

5899 mhoghedin the Chiller (level 10, -11/84 HPs)
             Began as a Black Draconian Ice Elementalist on June 16, 2019.
             Was a Priest of Vehumet.
             Mangled by a seven-headed hydra (13 damage)
             ... on level 1 of the Lair of Beasts.
             The game lasted 00:30:20 (11396 turns).

mhoghedin the Chiller (DrIE)                       Turns: 11396, Time: 00:30:20

Health: -11/84     AC:  9    Str: 11    XL:     10   Next: 53%
Magic:  1/16       EV: 15    Int: 19    God:    Vehumet [***...]
Gold:   337        SH:  0    Dex: 13    Spells: 4/18 levels left

rFire    . . .     SeeInvis .   t - +4 quarterstaff (chaos)
rCold    . . .     Gourm    .   (shield currently unavailable)
rNeg     . . .     Faith    .   (armour unavailable)
rPois    +         Spirit   .   (helmet restricted)
rElec    +         Reflect  .   p - +1 cloak {rPois}
rCorr    .         Harm     .   (no gloves)
MR       +....                  (no boots)
Stlth    ++........             a - amulet of magic regeneration
HPRegen  0.24/turn              h - +2 ring of dexterity
MPRegen  0.40/turn              v - ring of protection from magic {MR+, !d}

@: very slightly contaminated
A: breathe lightning, unfitting armour, electricity resistance, cold-blooded, AC
+7
a: Breathe Lightning, Renounce Religion


You were on level 1 of the Lair of Beasts.
You worshipped Vehumet.
Vehumet was most pleased with you.
You were hungry.

You visited 3 branches of the dungeon, and saw 11 of its levels.

You collected 337 gold pieces.

Inventory:

Hand Weapons
 s - a +3 dagger
   (You took it off Dowan on level 4 of the Dungeon)
 t - a +4 quarterstaff of chaos (weapon)
   (You took it off Crazy Yiuf on level 6 of the Dungeon)
Missiles
 C - 7 curare-tipped darts (quivered)
 D - 2 throwing nets {=f, !d}
Armour
 p - a +1 cloak of poison resistance (worn)
   (You took it off Crazy Yiuf on level 6 of the Dungeon)
Jewellery
 a - an amulet of magic regeneration (around neck)
   (You found it on level 1 of the Dungeon)
 h - a +2 ring of dexterity (left hand)
   (You found it on level 2 of the Dungeon)
 v - a ring of protection from magic (right hand) {MR+, !d}
   (You found it on level 8 of the Dungeon)
Wands
 q - a wand of paralysis (9)
   (You found it on level 8 of the Dungeon)
 y - a wand of polymorph (5)
   (You found it on level 9 of the Dungeon)
Scrolls
 g - 2 scrolls of enchant armour
 o - a scroll of remove curse
 u - a scroll of teleportation
 z - a scroll of blinking {!r}
Potions
 d - a potion of lignification {unknown}
 e - a potion of ambrosia
 f - a potion of resistance
 j - a potion of cancellation
 k - a potion of brilliance
 l - 2 potions of berserk rage {!q}
 m - 2 potions of might
 n - 4 potions of curing
 r - 2 potions of haste
 w - a potion of degeneration {!q}
 x - 2 potions of flight
 A - a potion of mutation {!q}
Miscellaneous
 i - a phial of floods (inert)
   (You found it on level 9 of the Dungeon)
Comestibles
 b - 12 rations
 B - 2 chunks of flesh {@w0}


   Skills:
 + Level 6.7 Fighting
 + Level 6.1 Staves
 + Level 6.0 Dodging
 - Level 1.7 Stealth
 - Level 4.5 Spellcasting
 - Level 5.8 Conjurations
 - Level 3.3 Charms
 - Level 3.2 Summonings
 - Level 7.8 Ice Magic


You had 4 spell levels left.
You knew the following spells:

 Your Spells              Type           Power        Failure   Level  Hunger
a - Freeze                Ice            ####         1%          1    None
b - Throw Icicle          Conj/Ice       ####....     2%          4    ####...
c - Summon Ice Beast      Ice/Summ       ####....     13%         4    ####...
x - Throw Frost           Conj/Ice       ####..       1%          2    #......
A - Ozocubu's Armour      Chrm/Ice       ####....     4%          3    ###....

Your spell library contained the following spells:

 Spells                   Type           Power        Failure   Level  Hunger
 Mephitic Cloud           Conj/Pois/Air  ##......     5%          3    ###....
 Magic Dart               Conj           ####         1%          1    None
 Searing Ray              Conj           ####..       1%          2    #......
 Dazzling Spray           Conj/Hex       ###...       3%          3    ###....
 Iskenderun's Mystic Bla  Conj           ####....     3%          4    ####...
 Force Lance              Conj/Tloc      ###.....     11%         4    ####...
 Fulminant Prism          Conj/Hex       ###.......   11%         4    ####...


Dungeon Overview and Level Annotations

Branches:
Dungeon (9/15)             Temple (1/1) D:6            Lair (1/6) D:8
    Orc (0/2) D:9

Altars:
Ashenzari
Cheibriados
Dithmenos
Elyvilon
Gozag
Qazlal
Ru
Sif Muna
Uskayaw
Vehumet
Wu Jian
Zin
The Shining One

Shops:
D:5 }   D:6 *


Innate Abilities, Weirdness & Mutations

You can breathe wild blasts of lightning.
Your glossy black scales are hard. (AC +7)
You cannot fit into any form of body armour.
You are resistant to electric shocks. (rElec)
You are cold-blooded and may be slowed by cold attacks.


Message History

A seven-headed hydra comes into view.
What are your orders? t - Shout!
Orders for allies: a - Attack new target. r - Retreat! s - Stop attacking. g - Guard the area. f - Follow me.
Anything else - Cancel.
You shout for attention!
The seven-headed hydra roars!
You hear a bellow! x2
You hear an angry hiss.
A yak comes into view.
Some of the chunks of flesh in your inventory have rotted away.
A film of ice covers your body! The seven-headed hydra bites you.
The seven-headed hydra misses you.
The seven-headed hydra closely misses you. x2
The seven-headed hydra misses you.
The seven-headed hydra completely misses you.
The seven-headed hydra bites you but does no damage.
Unknown command.
You take 4 damage, and have 80/84 hp.
You now have 13/16 mp.
Aim: a seven-headed hydra You freeze the seven-headed hydra.
The seven-headed hydra seems to slow down.
You now have 12/16 mp.
Aim: a seven-headed hydra (lightly wounded, slow)
You freeze the seven-headed hydra!
The seven-headed hydra seems to slow down.
A komodo dragon comes into view.
The seven-headed hydra bites you!
The seven-headed hydra closely misses you.
The seven-headed hydra barely misses you.
The seven-headed hydra misses you. The seven-headed hydra bites you.
The seven-headed hydra bites you but does no damage. x2
You take 12 damage, and have 69/84 hp.
Aim: a seven-headed hydra (lightly wounded, slow)
You freeze the seven-headed hydra!
The seven-headed hydra bites you but does no damage.
The seven-headed hydra completely misses you.
The seven-headed hydra bites you!
The seven-headed hydra bites you but does no damage.
The seven-headed hydra barely misses you.
The seven-headed hydra completely misses you.
The seven-headed hydra bites you.
You take 19 damage, and have 50/84 hp.
MASSIVE DAMAGE!!
You now have 11/16 mp.
Aim: a seven-headed hydra (moderately wounded, slow)
You freeze the seven-headed hydra!
The seven-headed hydra seems to slow down.
The seven-headed hydra closely misses you. x2
The seven-headed hydra bites you but does no damage.
The seven-headed hydra bites you.
The seven-headed hydra bites you but does no damage.
The seven-headed hydra barely misses you.
The seven-headed hydra bites you.
You take 4 damage, and have 46/84 hp.
Aim: a seven-headed hydra (moderately wounded, slow)
The shard of ice hits the seven-headed hydra!
You are feeling hungry.
You now have 7/16 mp.
Aim: a seven-headed hydra (heavily wounded, slow)
You miscast Throw Icicle.
You are very lightly contaminated with residual magic.
Nothing appears to happen.
The seven-headed hydra bites you but does no damage.
The seven-headed hydra closely misses you.
The seven-headed hydra bites you but does no damage.
The seven-headed hydra bites you.
The seven-headed hydra closely misses you.
The seven-headed hydra bites you!
The seven-headed hydra barely misses you.
You take 10 damage, and have 36/84 hp.
You now have 3/16 mp.
You don't have enough magic to cast that spell.
Okay, then.
Unknown command.
Okay, then.
Unknown command.
You don't have enough magic to cast that spell.
You hit the seven-headed hydra. You drain the seven-headed hydra.
A yak comes into view.
The seven-headed hydra closely misses you. x2
The seven-headed hydra bites you but does no damage.
The seven-headed hydra bites you!
The seven-headed hydra bites you but does no damage. x2
The seven-headed hydra bites you!
* * * LOW HITPOINT WARNING * * *
You take 20 damage, and have 16/84 hp.
MASSIVE DAMAGE!!
A chill wind blows around you.
The yak bellows!
You now have 0/16 mp.
Your icy armour cracks and falls away as you move.
You thump the seven-headed hydra!
You feel better.
You tail-slap the seven-headed hydra.
A yak comes into view.
The seven-headed hydra bites you!
* * * LOW HITPOINT WARNING * * *
The seven-headed hydra bites you.
* * * LOW HITPOINT WARNING * * *
The seven-headed hydra bites you!
You die...

##.# #.# #.
#.######P.#####.# ##.
#.........#.#...####..
#.........##.........
#..#.###.....).......
.....###...####....##
..# #....^..# ##..###
#.. ###...P..## ##.#.#
#.[ #.#@.....# #.<##
#..# ##DY####.# ##..#
#.$.# ##l### #.# ##..
#..##.Y# #.. ###
#....## .>. # #...#.#
... ##Y...# #.Y.....#
#..####..#


You could see a seven-headed hydra, a komodo dragon, 3 yaks and a friendly ice
beast.

Vanquished Creatures
  A deep elf mage (D:8)
  A hornet (D:9)
  Edmund (D:4)
  2 wargs (D:8)
  Duvessa (D:4)
  A water moccasin (D:4)
  2 ice beasts
  3 orc warriors
  3 sky beasts
  A phantom (D:9)
  A necrophage (D:8)
  4 ogres
  4 wolves (Lair:1)
  A crocodile (Lair:1)
  6 bullfrogs
  Blork the orc (D:6)
  Dowan (D:4)
  A water moccasin zombie (D:5)
  2 scorpions
  6 killer bees (D:7)
  A wight (D:6)
  4 crimson imps
  2 centaur zombies (D:5)
  6 jellies
  A quasit (D:6)
  14 orc priests
  A bullfrog skeleton (D:5)
  A hound (D:7)
  5 orc wizards
  Crazy Yiuf (D:6)
  3 iguanas
  9 worker ants
  4 hound zombies (D:5)
  A hound skeleton (D:9)
  2 worker ant zombies (D:5)
  7 adders
  5 gnolls
  3 river rats (D:6)
  2 shadow imps
  5 oozes (D:8)
  3 adder zombies (D:5)
  2 adder skeletons
  5 worms
  2 dart slugs (D:1)
  5 leopard geckos
  50 orcs
  A ball python (D:6)
  5 giant cockroaches
  6 goblins
  5 hobgoblins
  10 jackals
  7 kobolds
  A quokka (D:4)
  5 bats
  4 frilled lizards
  A jackal skeleton (D:5)
  2 jackal zombies (D:5)
  A quokka zombie (D:5)
  17 rats
252 creatures vanquished.

Vanquished Creatures (collateral kills)
  A hippogriff (D:7)
  Menkaure (D:6)
  A phantom (D:7)
  An ogre (D:5)
  A bullfrog (D:6)
  An orc priest (D:9)
  A hound skeleton (D:6)
  An adder (D:6)
8 creatures vanquished.

Vanquished Creatures (others)
  An orc (D:9)
  2 withered plants (D:5)
3 creatures vanquished.

Grand Total: 263 creatures vanquished

Notes
Turn   | Place    | Note
-------+----------+-------------------------------------------
     0 | D:1      | mhoghedin the Draconian Ice Elementalist began the quest
                  | for the Orb.
     0 | D:1      | Reached XP level 1. HP: 14/14 MP: 3/3
   126 | D:1      | Reached XP level 2. HP: 20/20 MP: 1/5
   210 | D:1      | Found a shattered altar of Ashenzari.
   220 | D:1      | Reached skill level 4 in Ice Magic
   404 | D:1      | Reached XP level 3. HP: 19/26 MP: 4/6
   853 | D:1      | Learned a level 2 spell: Throw Frost
   857 | D:1      | Learned a level 3 spell: Ozocubu's Armour
   867 | D:2      | Reached skill level 5 in Ice Magic
   867 | D:2      | Reached XP level 4. HP: 15/33 MP: 0/7
  2261 | D:3      | Reached XP level 5. HP: 38/38 MP: 1/8
  2268 | D:3      | Reached skill level 1 in Charms
  2883 | D:4      | Reached skill level 2 in Conjurations
  3136 | D:4      | Noticed a water moccasin
  3147 | D:4      | HP: 2/38 [orc priest/divine providence (13)]
  3174 | D:4      | Reached XP level 6. HP: 27/45 MP: 6/10
  3228 | D:4      | Reached skill level 3 in Spellcasting
  3232 | D:5      | Entered Level 5 of the Dungeon
  3300 | D:4      | Reached skill level 2 in Charms
  3408 | D:4      | Killed a water moccasin
  3498 | D:4      | Found an ornate altar of the Wu Jian Council.
  3498 | D:4      | Noticed Edmund
  3515 | D:4      | Killed Edmund
  3515 | D:4      | Reached skill level 3 in Conjurations
  3515 | D:4      | Reached skill level 6 in Ice Magic
  3515 | D:4      | Your scales start taking on a glossy black colour.
  3515 | D:4      | Reached XP level 7. HP: 19/50 MP: 0/12
  3515 | D:4      | Gained mutation: You are resistant to electric shocks.
                  | (rElec) [Black Draconian growth]
  3776 | D:4      | Noticed Dowan
  3778 | D:4      | Noticed Duvessa
  3786 | D:4      | Killed Duvessa
  3789 | D:4      | Killed Dowan
  3789 | D:4      | Reached skill level 3 in Charms
  4355 | D:5      | Reached skill level 4 in Spellcasting
  4413 | D:4      | Learned a level 4 spell: Throw Icicle
  4418 | D:4      | Learned a level 4 spell: Summon Ice Beast
  4467 | D:5      | Reached skill level 4 in Conjurations
  4658 | D:5      | Reached XP level 8. HP: 27/57 MP: 12/14
  4882 | D:5      | HP: 4/57 [ogre/+0 giant spiked club (27)]
  5340 | D:5      | Reached skill level 7 in Ice Magic
  5493 | D:5      | Found Syiteet's Gadget Shoppe.
  5702 | D:5      | HP: 11/57 [ice beast (5)]
  5711 | D:5      | Reached skill level 1 in Summonings
  5717 | D:5      | Reached skill level 5 in Conjurations
  5962 | D:5      | Found a shadowy altar of Dithmenos.
  6249 | D:6      | Noticed Blork the orc
  6258 | D:6      | Killed Blork the orc
  6258 | D:6      | Reached skill level 2 in Summonings
  6409 | D:6      | Noticed Menkaure
  6423 | D:6      | Killed Menkaure
  6449 | D:6      | Reached skill level 3 in Summonings
  6744 | D:6      | Found a runed translucent door.
  6745 | D:6      | Noticed Crazy Yiuf
  6752 | D:6      | Killed Crazy Yiuf
  6888 | D:6      | Found Rugg's General Store.
  6893 | D:6      | Found a staircase to the Ecumenical Temple.
  6900 | Temple   | Entered the Ecumenical Temple
  6909 | Temple   | Became a worshipper of Vehumet
  7041 | D:6      | HP: 14/57 [wight/cursed +2 halberd (7)]
  7060 | D:6      | HP: 4/57 [wight/cursed +2 halberd (8)]
  7241 | D:7      | Noticed a hippogriff
  7252 | D:7      | Killed a hippogriff
  7252 | D:7      | Reached skill level 2 in Dodging
  7252 | D:7      | Reached XP level 9. HP: 31/63 MP: 4/15
  7268 | D:7      | Reached skill level 1 in Fighting
  7268 | D:7      | Reached skill level 1 in Staves
  7625 | D:7      | Reached skill level 2 in Fighting
  7625 | D:7      | Reached skill level 2 in Staves
  8023 | D:7      | Reached skill level 3 in Dodging
  8032 | D:7      | Reached skill level 3 in Fighting
  8232 | D:8      | Reached * piety under Vehumet
  8232 | D:8      | Offered knowledge of Shock by Vehumet.
  8247 | D:8      | Reached skill level 3 in Staves
  8373 | D:8      | Found a staircase to the Lair.
  8525 | D:7      | Reached skill level 4 in Fighting
  8595 | D:8      | Reached skill level 4 in Dodging
  8789 | D:8      | Found a white marble altar of Elyvilon.
  8789 | D:8      | Noticed a deep elf mage
  8799 | D:8      | Killed a deep elf mage
  8799 | D:8      | Reached skill level 4 in Staves
  8866 | D:8      | Reached skill level 5 in Fighting
  9125 | D:8      | Reached XP level 10. HP: 64/81 MP: 9/16
  9252 | D:8      | Reached skill level 5 in Dodging
  9337 | D:9      | Reached skill level 5 in Staves
  9358 | D:9      | Offered knowledge of Sandblast by Vehumet.
  9359 | D:9      | Found a staircase to the Orcish Mines.
  9361 | D:9      | Reached ** piety under Vehumet
  9432 | D:8      | HP: 20/82 [sky beast (2)]
  9437 | D:8      | HP: 13/82 [something (4)]
  9926 | D:9      | Reached skill level 6 in Fighting
 10205 | D:9      | Offered knowledge of Mephitic Cloud by Vehumet.
 11099 | Lair:1   | Entered Level 1 of the Lair of Beasts
 11130 | Lair:1   | Reached skill level 6 in Staves
 11153 | Lair:1   | Reached *** piety under Vehumet
 11161 | Lair:1   | Reached skill level 6 in Dodging
 11377 | Lair:1   | Noticed a seven-headed hydra
 11393 | Lair:1   | HP: 16/84 [seven-headed hydra (11)]
 11396 | Lair:1   | HP: 7/84 [seven-headed hydra (13)]
 11396 | Lair:1   | HP: 2/84 [seven-headed hydra (5)]
 11396 | Lair:1   | Mangled by a seven-headed hydra

Levels and vault maps discovered:
D:1:      matt_arrival_refuge, layout_basic, evilmike_ruin_ashenzari
D:2:      layout_basic, minmay_tromino_i2
D:3:      layout_loops_cross, kennysheep_generic_room_3
D:4:      layout_loops_ring, kennysheep_little_box, minmay_misc_feat_cross,
          uniq_edmund, uniq_duvessa
D:5:      layout_loops_ring, serial_shops, shop, first_ration, serial_undead,
          serial_undead_f, serial_undead_c, serial_undead_d, serial_undead_b,
          serial_undead_e, serial_undead_c, serial_undead_a, st_stairs_6,
          kennysheep_donut, grunt_decor_fettered,
          nicolae_dithmenos_through_a_glass_darkly
D:6:      layout_basic, minmay_temple_entry_proselytizer, serial_shops, shop,
          portal_sewer_entry_e, uniq_menkaure, uniq_crazy_yiuf_cottage,
          uniq_blork_the_orc
D:7:      layout_cave_pools
D:8:      layout_rooms, erik_lair_orcish_takeover, serial_glass,
          glass_columns_b, glass_columns_c, hangedman_little_slice_of_home,
          david_defended_altar_elf
D:9:      layout_cave_pods, hiddenorc2_lemuel
Temple:   compressed_dpeg_triangle_lava_temple
Lair:1:   layout_layer_cave

Skill      XL: |  1  2  3  4  5  6  7  8  9 10 |
---------------+-------------------------------+-----
Ice Magic      | 4 5 6 7 |  7.8
Charms         | 1 2 3 |  3.3
Conjurations   | 2 3 4 5 |  5.8
Spellcasting   | 3 4 |  4.5
Summonings     | 3 |  3.2
Dodging        | 2 4 6 |  6.0
Fighting       | 5 6 |  6.7
Staves         | 4 6 |  6.1
Stealth        | |  1.7

Action                   |  1- 3 |  4- 6 |  7- 9 | 10-12 || total
-------------------------+-------+-------+-------+-------++-------
Melee: Unarmed           |     4 |       |       |       ||     4
       Tailslap          |     3 |     2 |    31 |    10 ||    46
       Club              |    14 |    16 |       |       ||    30
       Dagger            |       |       |   172 |       ||   172
       Quarterstaff      |       |       |    98 |    82 ||   180
 Cast: Freeze            |    46 |    90 |   111 |    98 ||   345
       Throw Frost       |       |    51 |    25 |    26 ||   102
       Ozocubu's Armour  |       |     7 |    16 |    11 ||    34
       Summon Ice Beast  |       |       |     9 |     2 ||    11
       Throw Icicle      |       |       |     4 |     3 ||     7
 Abil: Breathe Lightning |       |       |    14 |     4 ||    18
Evoke: Phial of floods   |       |       |       |     1 ||     1
  Use: Scroll            |       |     1 |    10 |     8 ||    19
       Potion            |       |     2 |     4 |       ||     6
 Stab: Sleeping          |       |       |     3 |       ||     3
       Distracted        |       |       |     1 |       ||     1
       Paralysed         |       |       |     2 |     2 ||     4
  Eat: Chunk             |     1 |    10 |     7 |     9 ||    27
       Ration            |       |     1 |     5 |       ||     6
Armor: Skin              |    18 |    29 |   126 |    98 ||   271
Dodge: Dodged            |    51 |    51 |   289 |   161 ||   552

Table legend:
 A = Non-vault XP
 B = Vault XP
 C = Vault XP percentage of total XP
 D = Non-vault monster count
 E = Vault monster count
 F = Vault count percentage of total count
                 A         B        C        D         E       F
            +---------+---------+-------+---------+---------+-------
      Total |    5397 |    3031 |  36.0 |     176 |      85 |  32.6
            +---------+---------+-------+---------+---------+-------
        D:1 |      63 |       0 |   0.0 |      32 |       0 |   0.0
        D:2 |      67 |      18 |  21.2 |      10 |       2 |  16.7
        D:3 |     105 |       4 |   3.7 |      29 |       2 |   6.5
        D:4 |     405 |     416 |  50.7 |      14 |       3 |  17.6
        D:5 |     628 |     352 |  35.9 |      16 |      16 |  50.0
        D:6 |     335 |     309 |  48.0 |      17 |      12 |  41.4
        D:7 |    1120 |       3 |   0.3 |      16 |       1 |   5.9
        D:8 |     886 |    1426 |  61.7 |      14 |      17 |  54.8
        D:9 |    1129 |     503 |  30.8 |      22 |      32 |  59.3
     Lair:1 |     659 |       0 |   0.0 |       6 |       0 |   0.0
            +---------+---------+-------+---------+---------+-------

Levels and vault maps discovered:
D:1:      matt_arrival_refuge, layout_basic, evilmike_ruin_ashenzari
D:2:      layout_basic, minmay_tromino_i2
D:3:      layout_loops_cross, kennysheep_generic_room_3
D:4:      layout_loops_ring, kennysheep_little_box, minmay_misc_feat_cross,
          uniq_edmund, uniq_duvessa
D:5:      layout_loops_ring, serial_shops, shop, first_ration, serial_undead,
          serial_undead_f, serial_undead_c, serial_undead_d, serial_undead_b,
          serial_undead_e, serial_undead_c, serial_undead_a, st_stairs_6,
          kennysheep_donut, grunt_decor_fettered,
          nicolae_dithmenos_through_a_glass_darkly
D:6:      layout_basic, minmay_temple_entry_proselytizer, serial_shops, shop,
          portal_sewer_entry_e, uniq_menkaure, uniq_crazy_yiuf_cottage,
          uniq_blork_the_orc
D:7:      layout_cave_pools
D:8:      layout_rooms, erik_lair_orcish_takeover, serial_glass,
          glass_columns_b, glass_columns_c, hangedman_little_slice_of_home,
          david_defended_altar_elf
D:9:      layout_cave_pods, hiddenorc2_lemuel
Temple:   compressed_dpeg_triangle_lava_temple
Lair:1:   layout_layer_cave

Table legend:
 A = Turns spent in this place as a percentage of turns spent in the entire game.
 B = Non-inter-level travel turns spent in this place as a percentage of non-inter-level travel turns spent in the entire game.
 C = Inter-level travel turns spent in this place as a percentage of turns spent in this place.
 D = Turns resting spent in this place as a percentage of non-inter-level travel turns spent in this place.
 E = Turns spent auto-exploring this place as a percentage of non-inter-level travel turns spent in this place.
 F = Non-inter-level travel turns spent in this place divided by the number of levels of this place that you've seen.
                   A       B       C       D       E      F
               +-------+-------+-------+-------+-------+----------------------
         Total | 100.0 | 100.0 |   2.4 |  38.4 |  41.2 | 1011.0
       Dungeon |  97.2 |  97.2 |   2.4 |  38.4 |  41.5 | 1201.7
        Temple |   0.1 |   0.1 |  41.2 |   0.0 |   0.0 |  10.0
          Lair |   2.6 |   2.7 |   0.3 |  40.2 |  30.4 | 296.0
               +-------+-------+-------+-------+-------+----------------------

Table legend:
 A = Kills in this place as a percentage of kills in entire the game.
 B = Kills by you in this place as a percentage of kills by you in the entire game.
 C = Kills by friends in this place as a percentage of kills by friends in the entire game.
 D = Other kills in this place as a percentage of other kills in the entire game.
 E = Experience gained in this place as a percentage of experience gained in the entire game.
 F = Experience gained in this place divided by the number of levels of this place that you have seen.
                   A       B       C       D       E      F
               +-------+-------+-------+-------+-------+----------------------
         Total | 100.0 | 100.0 | 100.0 | 100.0 | 100.0 | 766.2
       Dungeon |  97.7 |  97.6 | 100.0 | 100.0 |  92.2 | 863.2
          Lair |   2.3 |   2.4 |   0.0 |   0.0 |   7.8 | 659.0
               +-------+-------+-------+-------+-------+----------------------
